 Dungeon Crawl Stone Soup version 0.31-a0-1626-g5cb510d322 (webtiles) character file.

Game seed: 1679718122646466497

281 Lobster4 the Changeling (level 6, -1/66 HPs)
             Began as a Merfolk Shapeshifter on Jan 11, 2024.
             Succumbed to a kobold brigand's poison
             ... in a sewer on Jan 12, 2024.
             The game lasted 00:12:46 (3350 turns).

Lobster4 the Changeling (Merfolk Shapeshifter)      Turns: 3350, Time: 00:12:46

Health: -1/66      AC: 23    Str: 14    XL:     6   Next: 27%
Magic:  7/7        EV:  2    Int: 12    God:
Gold:   99         SH:  0    Dex: 13    Spells: 4/7 levels left

rFire   . .          .
                       - Unarmed
rCold   . . .        (no shield)
rNeg    . . .        y - melded +0 leather armour
rPois   +            (helmet currently unavailable)
rElec   .            s - melded +0 cloak
rCorr   .            h - melded +0 pair of gloves
SInv    .            (boots currently unavailable)
Will    .....        (no amulet)
Stlth   +            (no ring)
HPRegen 0.31/turn    (no ring)
MPRegen 0.10/turn

%: no passive effects
@: lethally poisoned (-1 -> -22), tree-form, attractive, very slow
A: stationary, stasis, torment immunity, boosted hp, (nimble swimmer 2),
(mertail)
a: no special abilities


You were in a sewer.
You were a tree.
You visited 1 branch of the dungeon, and saw 4 of its levels.
You also visited: Sewer.

You collected 99 gold pieces.

Inventory:

Hand Weapons
 f - a +0 dagger
 t - a +1 dagger of speed
Missiles
 i - 5 boomerangs (quivered)
 o - a stone
Armour
 a - a +0 animal skin
 h - a +0 pair of gloves (melded)
 s - a +0 cloak (melded)
 y - a +0 leather armour (melded)
Jewellery
 r - a ring of willpower
Talismans
 c - a beast talisman (active)
 d - a flux talisman
Wands
 u - a wand of digging (7)
Scrolls
 g - 2 scrolls of teleportation
 m - a scroll of poison
Potions
 e - a potion of degeneration {unknown}
 j - a potion of curing {unknown}
 k - a potion of attraction
 l - 2 potions of brilliance {unknown}
 n - a potion of mutation
 p - a potion of might {unknown}
 q - a potion of haste {unknown}
 v - 2 potions of heal wounds {unknown}
 w - a potion of invisibility
 x - a potion of enlightenment


   Skills:
 + Level 2.0 Fighting
 - Level 1.0 Throwing
 - Level 3.0 Dodging
 + Level 0.0 Stealth
 + Level 3.2 Unarmed Combat
 + Level 1.2 Spellcasting
 + Level 1.6 Ice Magic
 + Level 1.2 Evocations
 * Level 7.0 Shapeshifting


You had 4 spell levels left.
You knew the following spells:

 Your Spells              Type           Power      Damage    Failure   Level
a - Ozocubu's Armour      Ice            4%         N/A       41%         3

Your spell library contained the following spells:

 Spells                   Type           Power      Damage    Failure   Level
 Ensorcelled Hibernation  Hex/Ice        4%         N/A       32%         2
 Lesser Beckoning         Tloc           0%         N/A       41%         2
 Fugue of the Fallen      Necr           0%         N/A       65%         3
 Gell's Gravitas          Tloc           0%         N/A       65%         3
 Teleport Other           Tloc           0%         N/A       65%         3
 Anguish                  Hex/Necr       0%         N/A       96%         4
 Metabolic Englaciation   Hex/Ice        1%         N/A       99%         5
 Sculpt Simulacrum        Ice/Alch       1%         N/A       100%        6


Dungeon Overview and Level Annotations

Branches:
Dungeon (4/15)              Sewer (1/1)
 Temple: D:4-7

Altars:
Cheibriados
Dithmenos
Fedhas
Hepliaklqana
Nemelex Xobeh
Okawaru
Sif Muna
The Shining One


Innate Abilities, Weirdness & Mutations

You are a tree.
Your roots penetrate the ground, keeping you stationary.
You cannot be teleported.
You are immune to unholy pain and torment.
Your maximum health is greatly increased.
Your equipment is partially melded.
((You are very nimble when in or above water. (Stealth+, EV+, Speed+++)))
((Your lower body shifts to a powerful aquatic tail in water.))


Message History

You barely miss the kobold brigand.
The kobold brigand is heavily wounded.
You feel very sick.
The kobold brigand hits you with a +1 dagger of venom.
The kobold closely misses you.
You barely miss the kobold brigand.
Your tail-slap misses the kobold brigand.
The kobold brigand is heavily wounded.
You feel sick.
The kobold brigand hits you but does no damage.
You are more poisoned.
The kobold hits you but does no damage.
You closely miss the kobold brigand.
The kobold brigand is heavily wounded.
You feel very sick.
The kobold brigand hits you with a +1 dagger of venom.
You are lethally poisoned!
The kobold closely misses you.
You hit the kobold brigand but do no damage.
The kobold brigand is heavily wounded.
* * * LOW HITPOINT WARNING * * *
You feel very sick.
The kobold brigand hits you with a +1 dagger of venom.
* * * LOW HITPOINT WARNING * * *
You are more poisoned.
The kobold closely misses you.
Your transformation has ended.
Your +0 cloak unmelds from your body.
Your +0 pair of gloves unmelds from your body.
You turn into a tree.
Your +0 cloak melds into your body.
Your +0 pair of gloves melds into your body.
Your +0 leather armour melds into your body.
Your roots penetrate the ground.
* * * LOW HITPOINT WARNING * * *
You feel extremely sick.
The kobold brigand splashes around in the water.
The kobold hits you but does no damage.
It was a potion of attraction.
You feel attractive to monsters.
You die...

#~..#
#~..#
#.~.#
#~~.#
##.~~##
##~~~##
#~~~~~#
#~~.~.#
#~###~#
#~###~#
#~# #~#
#~# #.#
##~###.##
##~###~##
#~..#~~~#
#~K~#~~~#
#~#~#~#~#
#♣#~#~#~#
#†#~#~#~#
#K#~#~#~#
#~#~#~#~#
#~#K#~#~#
#.#.#.#.#
#.#.#.#.#
#########
#########


You could see a kobold brigand and a kobold.

Vanquished Creatures
  A bombardier beetle (D:3)
  A hound (D:4)
  5 adders
  3 river rats (Sewer)
  7 ribbon worms
  6 dart slugs
  8 orcs
  5 bats
  12 endoplasms
  9 giant cockroaches
  6 goblins
  7 hobgoblins
  5 jackals
  6 kobolds
  3 quokkas
  7 ball pythons
  4 frilled lizards
  10 rats
105 creatures vanquished.

Notes
Turn   | Place    | Note
-------+----------+-------------------------------------------
     0 | D:1      | Lobster4 the Merfolk Shapeshifter began the quest for the
                  | Orb.
     0 | D:1      | Reached XP level 1. HP: 15/15 MP: 1/1
   180 | D:1      | Reached XP level 2. HP: 7/21 MP: 2/2
   394 | D:1      | Reached skill level 5 in Shapeshifting
   517 | D:1      | Reached XP level 3. HP: 25/26 MP: 3/3
  1258 | D:2      | Reached skill level 6 in Shapeshifting
  1258 | D:2      | Reached XP level 4. HP: 20/32 MP: 4/4
  1442 | D:3      | Learned a level 3 spell: Ozocubu's Armour
  1698 | D:3      | Found a sparkling altar of Nemelex Xobeh.
  1700 | D:3      | Found a hazy altar of Hepliaklqana.
  1702 | D:3      | Found a shimmering blue altar of Sif Muna.
  1702 | D:3      | Found an iron altar of Okawaru.
  1703 | D:3      | Found a snail-covered altar of Cheibriados.
  1703 | D:3      | Found a glowing golden altar of the Shining One.
  1703 | D:3      | Found a shadowy altar of Dithmenos.
  1703 | D:3      | Found a blossoming altar of Fedhas.
  1705 | D:3      | Upgraded the game from 0.31-a0-1620-gcbf77bbcfc to
                  | 0.31-a0-1626-g5cb510d322
  2151 | D:3      | Reached XP level 5. HP: 37/37 MP: 5/5
  2596 | D:4      | Reached skill level 1 in Ice Magic
  2805 | D:4      | Reached skill level 1 in Evocations
  2833 | D:4      | Found a glowing drain.
  2837 | Sewer    | Entered a sewer
  2895 | Sewer    | Reached skill level 1 in Spellcasting
  2895 | Sewer    | Reached XP level 6. HP: 39/44 MP: 7/7
  3169 | Sewer    | Reached skill level 1 in Throwing
  3169 | Sewer    | Reached skill level 7 in Shapeshifting
  3349 | Sewer    | HP: 3/66 [poisoned by a kobold brigand]
  3350 | Sewer    | Succumbed to a kobold brigand's poison

Illustrated notes

Levels and vault maps discovered:
D:1:      saegor_arrival_fortress, layout_loops_ring, st_stairs_9
D:2:      layout_rooms, grunt_ministairs_9
D:3:      minmay_roachtagon, layout_rooms, grunt_temple_overflow_open,
          serial_co_window_serial, co_window_of_opportunity_a,
          co_window_corner_a, co_window_of_opportunity_a, co_window_paths_a,
          co_window_paths_a, co_window_paths_a, co_window_corner_ca,
          co_window_paths_c, co_window_2corner, co_window_corner_cb,
          co_window_corner_ca, co_window_broadway_b, glass_columns_a,
          glass_columns_a, glass_columns_b, glass_columns_a, glass_columns_b
D:4:      layout_basic, minmay_temple_entry_wispy,
          mainiacjoe_sewer_entry_somewhere_in_here_2
Sewer:    sewer_co_tree

Skill      XL: |  1  2  3  4  5  6 |
---------------+-------------------+-----
Shapeshifting  | 5 6 7 |  7.0
Dodging        | 3 |  3.0
Ice Magic      | 1 |  1.6
Evocations     | 1 |  1.2
Spellcasting   | 1 |  1.2
Fighting       | 2 |  2.0
Throwing       | 1 |  1.0
Unarmed Combat | |  3.2

Action                     |  1- 3 |  4- 6 || total
---------------------------+-------+-------++-------
  Melee: Unarmed           |    84 |   184 ||   268
         Punch             |     3 |     7 ||    10
         Tailslap          |       |    11 ||    11
  Throw: Throwing net      |       |     1 ||     1
         Boomerang         |       |     8 ||     8
    Use: Scroll            |       |    13 ||    13
         Potion            |       |     2 ||     2
   Stab: Sleeping          |     1 |     2 ||     3
         Distracted        |       |     1 ||     1
 Armour: Animal skin       |    33 |    34 ||    67
         Leather armour    |       |    40 ||    40
         Skin              |       |     1 ||     1
  Dodge: Dodged            |    43 |   103 ||   146
   Form: Beast             |     2 |     1 ||     3
                           |     1 |     1 ||     2

Table legend: (Time is in decaauts)
 A = Elapsed time spent in this place.
 B = Non-inter-level travel time spent in this place.
 C = Inter-level travel time spent in this place.
 D = Time resting spent in this place.
 E = Time spent auto-exploring this place.
 F = Levels seen in this place.
 G = Mean time per level.
                   A        B        C        D        E       F      G
               +--------+--------+--------+--------+--------+-----+--------+
         Total |   3215 |   3023 |    192 |    320 |   1803 |   5 |  643.0 |
       Dungeon |   2812 |   2620 |    192 |    271 |   1599 |   4 |  703.0 |
         Sewer |    403 |    403 |      0 |     49 |    203 |   1 |  403.0 |
               +--------+--------+--------+--------+--------+-----+--------+

Top non-repeatable levels by time:
     D:3: 1183 daAuts
     D:1: 867 daAuts
     D:2: 664 daAuts
   Sewer: 403 daAuts
     D:4: 97 daAuts
